[ AOE2 MATCH · #504838940 ]
UnrankedPortuguese vs Japanese
Player's team · LOSS
Rival team · WIN
[ REPLAY ANALYSIS · EXTRACTED FROM THE RECORDED GAME ]
Feudal
10:33
Castle
28:09
Imperial
—
| APM avg | 54.2 |
| APM peak | 137 |
| eAPM avg | 20.2 |
| Villagers / military | 84 / 60 |
Focus
⚔️ 28.4% · 🌾 71.6%
Archer ×22 · Organ Gun ×19 · Skirmisher ×8 · Mangonel ×6 · Battering Ram ×4 · Spearman ×1
Feudal
9:53
Castle
31:32
Imperial
—
| APM avg | 64.5 |
| APM peak | 105 |
| eAPM avg | 27.1 |
| Villagers / military | 99 / 83 |
Focus
⚔️ 35.6% · 🌾 64.4%
Archer ×49 · Militia ×15 · Mangonel ×6 · Spearman ×6 · Samurai ×4 · Monk ×2
Match map
Initial resources + every placement click. Lines = walls · curves = elevation contours. ◆ gold · ⬟ stone · ● berries · ✦ relic · ◌ wall gap
Your base· Open — 3t gap
L's base· Open — 2t gap
Smoothed initial terrain · ◌ = detected wall gap · hover for details
Inputs per minute
— Jackdaw - - L
Build order — Jackdaw
First 150 of 228 actions detected
| 0:00 | Queue | Villager (Male) |
| 0:00 | Queue | Villager (Male) |
| 0:01 | Queue | Villager (Male) |
| 0:01 | Queue | Villager (Male) |
| 0:02 | Build | House |
| 0:04 | Build | House |
| 1:26 | Queue | Villager (Male) |
| 1:59 | Build | Lumber Camp |
| 2:02 | Queue | Villager (Male) |
| 2:16 | Queue | Villager (Male) |
| 3:11 | Queue | Villager (Male) |
| 3:31 | Queue | Villager (Male) |
| 3:40 | Build | Mill |
| 3:50 | Queue | Villager (Male) |
| 4:00 | Build | House |
| 4:21 | Queue | Villager (Male) |
| 4:35 | Queue | Villager (Male) |
| 4:57 | Queue | Villager (Male) |
| 5:34 | Queue | Villager (Male) |
| 5:34 | Research | Loom |
| 5:43 | Build | House |
| 5:49 | Queue | Villager (Male) |
| 6:05 | Queue | Villager (Male) |
| 6:23 | Build | House |
| 6:26 | Queue | Villager (Male) |
| 6:38 | Queue | Villager (Male) |
| 6:38 | Research | Loom |
| 7:27 | Build | Palisade Wall |
| 7:51 | Build | Barracks |
| 8:03 | Build | Farm |
| 8:12 | Build | Palisade Wall |
| 8:23 | Research | Feudal Age |
| 8:41 | Build | Palisade Wall |
| 8:53 | Build | Farm |
| 8:58 | Queue | Villager (Male) |
| 9:24 | Build | Farm |
| 9:29 | Build | Farm |
| 9:47 | Queue | Villager (Male) |
| 9:50 | Build | Farm |
| 10:12 | Build | Mining Camp |
| 10:33 | Age | Feudal Age |
| 10:41 | Queue | Villager (Male) |
| 10:56 | Queue | Villager (Male) |
| 11:04 | Build | Archery Range |
| 11:28 | Queue | Villager (Male) |
| 11:49 | Queue | Archer |
| 11:49 | Queue | Archer |
| 11:54 | Build | House |
| 11:58 | Queue | Spearman |
| 12:26 | Queue | Villager (Male) |
| 12:46 | Queue | Archer |
| 12:55 | Queue | Villager (Male) |
| 12:58 | Build | Blacksmith |
| 13:00 | Build | House |
| 13:02 | Queue | Villager (Male) |
| 13:10 | Queue | Archer |
| 13:19 | Queue | Villager (Male) |
| 13:37 | Queue | Villager (Male) |
| 13:56 | Queue | Archer |
| 14:05 | Research | Fletching |
| 14:06 | Queue | Villager (Male) |
| 14:15 | Build | Watch Tower |
| 14:21 | Queue | Villager (Male) |
| 14:22 | Queue | Villager (Male) |
| 14:32 | Build | House |
| 14:35 | Queue | Skirmisher |
| 14:39 | Research | Padded Archer Armor |
| 14:40 | Queue | Villager (Male) |
| 14:52 | Build | House |
| 15:27 | Queue | Villager (Male) |
| 15:36 | Queue | Archer |
| 15:45 | Queue | Villager (Male) |
| 16:04 | Queue | Archer |
| 16:04 | Queue | Skirmisher |
| 16:11 | Queue | Villager (Male) |
| 16:50 | Build | Lumber Camp |
| 16:57 | Queue | Villager (Male) |
| 17:01 | Queue | Villager (Male) |
| 17:15 | Queue | Villager (Male) |
| 17:33 | Build | Farm |
| 17:38 | Queue | Villager (Male) |
| 17:41 | Queue | Archer |
| 17:42 | Build | Farm |
| 18:01 | Queue | Villager (Male) |
| 18:03 | Build | Farm |
| 18:10 | Queue | Archer |
| 18:11 | Queue | Skirmisher |
| 18:16 | Queue | Villager (Male) |
| 18:23 | Build | Farm |
| 18:32 | Queue | Villager (Male) |
| 18:35 | Queue | Skirmisher |
| 18:55 | Build | Farm |
| 19:12 | Queue | Villager (Male) |
| 19:27 | Build | Mining Camp |
| 19:31 | Queue | Skirmisher |
| 19:36 | Queue | Villager (Male) |
| 19:50 | Build | House |
| 19:53 | Build | Farm |
| 20:08 | Queue | Skirmisher |
| 20:13 | Build | Farm |
| 20:19 | Research | Wheelbarrow |
| 20:21 | Build | House |
| 20:29 | Queue | Archer |
| 20:29 | Queue | Skirmisher |
| 20:33 | Build | Farm |
| 20:38 | Queue | Villager (Male) |
| 21:06 | Build | Farm |
| 21:20 | Queue | Archer |
| 21:28 | Build | Mining Camp |
| 21:29 | Queue | Villager (Male) |
| 21:39 | Build | Farm |
| 21:51 | Queue | Archer |
| 21:56 | Queue | Archer |
| 22:04 | Queue | Villager (Male) |
| 22:10 | Build | Watch Tower |
| 22:13 | Queue | Villager (Male) |
| 22:17 | Queue | Villager (Male) |
| 22:29 | Queue | Villager (Male) |
| 22:34 | Build | Farm |
| 22:38 | Build | Farm |
| 23:40 | Queue | Villager (Male) |
| 24:05 | Queue | Archer |
| 24:08 | Queue | Villager (Male) |
| 24:11 | Build | Market |
| 24:20 | Queue | Archer |
| 24:23 | Queue | Villager (Male) |
| 24:23 | Queue | Villager (Male) |
| 24:30 | Queue | Villager (Male) |
| 24:44 | Queue | Archer |
| 25:01 | Build | Farm |
| 25:18 | Research | Castle Age |
| 25:30 | Build | Archery Range |
| 25:35 | Queue | Archer |
| 25:54 | Queue | Archer |
| 25:54 | Queue | Skirmisher |
| 26:36 | Queue | Archer |
| 26:37 | Queue | Archer |
| 26:41 | Queue | Villager (Male) |
| 26:45 | Build | Farm |
| 26:45 | Build | Farm |
| 26:46 | Build | Farm |
| 26:51 | Build | Watch Tower |
| 27:06 | Queue | Archer |
| 27:06 | Queue | Archer |
| 27:34 | Build | Watch Tower |
| 28:07 | Queue | Villager (Male) |
| 28:09 | Age | Castle Age |
| 28:29 | Build | Castle |
| 28:44 | Queue | Villager (Male) |
| 28:47 | Build | House |
Build order — L
First 150 of 332 actions detected
| 0:00 | Queue | Villager (Male) |
| 0:00 | Queue | Villager (Male) |
| 0:01 | Build | House |
| 0:02 | Build | House |
| 0:05 | Queue | Villager (Male) |
| 0:06 | Queue | Villager (Male) |
| 1:24 | Queue | Villager (Male) |
| 1:55 | Queue | Villager (Male) |
| 2:36 | Research | Loom |
| 3:26 | Queue | Villager (Male) |
| 3:28 | Queue | Villager (Male) |
| 3:34 | Queue | Villager (Male) |
| 4:20 | Queue | Villager (Male) |
| 4:28 | Build | Lumber Camp |
| 4:56 | Build | House |
| 4:57 | Queue | Villager (Male) |
| 4:58 | Queue | Villager (Male) |
| 4:58 | Queue | Villager (Male) |
| 4:59 | Queue | Villager (Male) |
| 5:03 | Queue | Villager (Male) |
| 5:05 | Queue | Villager (Male) |
| 5:09 | Queue | Villager (Male) |
| 5:51 | Queue | Villager (Male) |
| 6:00 | Build | House |
| 6:04 | Build | House |
| 6:05 | Queue | Villager (Male) |
| 6:51 | Build | Barracks |
| 7:07 | Queue | Villager (Male) |
| 7:27 | Build | House |
| 7:43 | Research | Feudal Age |
| 7:47 | Build | Mining Camp |
| 7:55 | Queue | Militia |
| 7:56 | Queue | Militia |
| 8:09 | Build | Lumber Camp |
| 8:22 | Build | Mill |
| 8:35 | Queue | Militia |
| 9:10 | Queue | Villager (Male) |
| 9:19 | Queue | Militia |
| 9:39 | Build | Palisade Wall |
| 9:40 | Build | Palisade Wall |
| 9:53 | Age | Feudal Age |
| 9:55 | Queue | Villager (Male) |
| 10:03 | Research | Man-at-Arms (upgrade) |
| 10:06 | Build | Farm |
| 10:13 | Build | Archery Range |
| 10:33 | Queue | Villager (Male) |
| 10:37 | Build | House |
| 10:38 | Build | House |
| 10:40 | Build | House |
| 10:49 | Queue | Villager (Male) |
| 11:20 | Queue | Archer |
| 11:20 | Queue | Archer |
| 11:20 | Queue | Archer |
| 11:22 | Queue | Villager (Male) |
| 11:32 | Queue | Villager (Male) |
| 11:47 | Build | Watch Tower |
| 11:51 | Queue | Villager (Male) |
| 11:57 | Build | Mining Camp |
| 11:59 | Queue | Archer |
| 12:04 | Build | Palisade Wall |
| 12:05 | Build | Palisade Wall |
| 12:07 | Build | Palisade Wall |
| 12:11 | Queue | Villager (Male) |
| 12:43 | Queue | Archer |
| 12:55 | Queue | Villager (Male) |
| 13:00 | Build | Watch Tower |
| 13:06 | Queue | Archer |
| 13:11 | Queue | Villager (Male) |
| 13:16 | Build | Blacksmith |
| 13:18 | Queue | Villager (Male) |
| 13:34 | Queue | Archer |
| 13:51 | Queue | Archer |
| 14:02 | Research | Fletching |
| 14:02 | Research | Fletching |
| 14:15 | Queue | Villager (Male) |
| 14:17 | Queue | Villager (Male) |
| 14:25 | Queue | Archer |
| 14:29 | Build | Watch Tower |
| 14:30 | Queue | Villager (Male) |
| 15:09 | Queue | Archer |
| 15:25 | Queue | Villager (Male) |
| 15:28 | Build | Farm |
| 15:31 | Build | Farm |
| 15:32 | Build | Farm |
| 15:32 | Build | Farm |
| 15:32 | Build | Farm |
| 15:38 | Queue | Archer |
| 15:48 | Queue | Villager (Male) |
| 16:03 | Build | Farm |
| 16:03 | Build | Farm |
| 16:04 | Build | Farm |
| 16:19 | Build | Lumber Camp |
| 16:28 | Build | Lumber Camp |
| 16:37 | Queue | Archer |
| 16:56 | Queue | Archer |
| 17:01 | Queue | Archer |
| 17:08 | Queue | Spearman |
| 17:09 | Queue | Spearman |
| 17:12 | Queue | Militia |
| 17:13 | Queue | Villager (Male) |
| 17:14 | Queue | Villager (Male) |
| 17:24 | Build | Palisade Wall |
| 17:34 | Build | Farm |
| 17:34 | Build | Farm |
| 17:58 | Queue | Archer |
| 18:00 | Build | Archery Range |
| 18:01 | Queue | Villager (Male) |
| 18:04 | Build | Farm |
| 18:06 | Queue | Villager (Male) |
| 18:12 | Queue | Villager (Male) |
| 18:33 | Build | House |
| 18:35 | Queue | Archer |
| 18:39 | Build | House |
| 18:40 | Build | House |
| 18:42 | Queue | Villager (Male) |
| 18:55 | Queue | Archer |
| 19:17 | Build | Farm |
| 19:18 | Build | Farm |
| 19:30 | Queue | Archer |
| 19:37 | Build | House |
| 19:41 | Queue | Villager (Male) |
| 19:57 | Build | Watch Tower |
| 20:00 | Queue | Archer |
| 20:03 | Build | Farm |
| 20:04 | Queue | Archer |
| 20:05 | Queue | Villager (Male) |
| 20:23 | Queue | Villager (Male) |
| 20:25 | Research | Padded Archer Armor |
| 20:25 | Research | Padded Archer Armor |
| 20:27 | Queue | Archer |
| 20:41 | Queue | Spearman |
| 20:41 | Queue | Spearman |
| 20:42 | Queue | Spearman |
| 20:42 | Queue | Spearman |
| 21:00 | Queue | Militia |
| 21:00 | Queue | Militia |
| 21:01 | Queue | Villager (Male) |
| 21:03 | Queue | Archer |
| 21:10 | Queue | Militia |
| 21:11 | Queue | Villager (Male) |
| 21:16 | Queue | Militia |
| 21:19 | Research | Scale Mail Armor |
| 21:21 | Queue | Archer |
| 21:22 | Queue | Villager (Male) |
| 21:25 | Build | House |
| 21:30 | Queue | Villager (Male) |
| 21:54 | Queue | Archer |
| 21:56 | Build | Watch Tower |
| 22:05 | Queue | Archer |
| 22:24 | Queue | Archer |
Match timeline
| 6:51 | L · first_building Barracks |
| 7:27 | Jackdaw · wall_segment Palisade Wall x11 |
| 7:51 | Jackdaw · first_building Barracks |
| 8:12 | Jackdaw · wall_segment Palisade Wall x8 |
| 8:41 | Jackdaw · wall_segment Palisade Wall x11 |
| 9:39 | L · wall_segment Palisade Wall x1 |
| 9:40 | L · wall_segment Palisade Wall x1 |
| 9:53 | L · age_up feudal |
| 10:13 | L · first_building Archery Range |
| 10:33 | Jackdaw · age_up feudal |
| 11:04 | Jackdaw · first_building Archery Range |
| 12:04 | L · wall_segment Palisade Wall x8 |
| 12:05 | L · wall_segment Palisade Wall x5 |
| 12:07 | L · wall_segment Palisade Wall x8 |
| 17:24 | L · wall_segment Palisade Wall x7 |
| 25:16 | Jackdaw · first_market_buy 100 food |
| 27:19 | L · wall_segment Stone Wall x1 |
| 27:19 | L · wall_segment Stone Wall x1 |
| 27:20 | L · wall_segment Stone Wall x1 |
| 27:20 | L · wall_segment Stone Wall x2 |
| 27:21 | L · wall_segment Stone Wall x2 |
| 27:21 | L · wall_segment Stone Wall x1 |
| 27:21 | L · wall_segment Stone Wall x2 |
| 27:35 | L · wall_segment Stone Wall x1 |
| 28:09 | Jackdaw · age_up castle |
| 28:16 | Jackdaw · first_market_sell 500 food |
| 28:29 | Jackdaw · first_building Castle |
| 28:57 | L · wall_segment Stone Wall x2 |
| 29:49 | L · wall_segment Stone Wall x1 |
| 29:49 | L · wall_segment Stone Wall x1 |
| 29:50 | L · wall_segment Stone Wall x2 |
| 29:50 | L · wall_segment Stone Wall x2 |
| 29:50 | L · wall_segment Stone Wall x1 |
| 29:50 | L · wall_segment Stone Wall x2 |
| 29:51 | L · wall_segment Stone Wall x2 |
| 29:51 | L · wall_segment Stone Wall x2 |
| 29:51 | L · wall_segment Stone Wall x3 |
| 29:52 | L · wall_segment Stone Wall x1 |
| 29:52 | L · wall_segment Stone Wall x2 |
| 30:34 | L · wall_segment Palisade Wall x7 |
| 31:32 | L · age_up castle |
| 32:32 | L · wall_segment Stone Wall x1 |
| 32:35 | L · wall_segment Stone Wall x1 |
| 32:41 | Jackdaw · first_building Siege Workshop |
| 32:46 | L · first_building Siege Workshop |
| 36:17 | L · first_market_buy 100 wood |
| 37:57 | L · first_building Monastery |
| 38:24 | L · first_building Castle |
| 39:32 | L · first_market_sell 100 wood |
| 41:20 | Jackdaw · resign |
[ AI ANALYSIS · 1 CREDIT ]
What really happened in this match?
Wolo.gg analyzes every decision: build order, eco, micro, common mistakes by bracket. Personalized analysis on WhatsApp or Discord in 30 seconds.
Civ guide
Portuguese
Perfil
Jugador #21987494